Map: Pillars of Gold LE

Players

Clem - Winner!

  • Race: Terran Terran
  • Spawn Location: 7:00

TYTY (TY)

  • Race: Terran Terran
  • Spawn Location: 1:00

Event: IEM Katowice 2021

VOD

Have the link to the VOD?

Description

Time

  • Played on: Feb. 22, 2021, 10:54 a.m.
  • Length: 9:49

All games in this series

Show
View Real Time Build Order
Export as new Build Order

Clem Terran - Winner!

Build Orders:  

Get SALT Encoding   

  12  0:00  SCV  
  13  0:12  SCV  
  14  0:17  Supply Depot  
  14  0:24  SCV  
  15  0:39  SCV  
  15  0:40  Barracks  
  16  0:45  Refinery  
  16  0:51  SCV  
  16  0:55  Refinery  
  17  1:03  SCV  
  18  1:15  SCV  
  19  1:27  Orbital Command  
  19  1:28  Reaper  
  19  1:30  Supply Depot  
  20  1:43  Factory  
  20  1:53  SCV  
  21  2:00  Reaper  
  22  2:05  SCV  
  23  2:18  Command Center  
  23  2:22  SCV  
  24  2:27  Hellion  
  26  2:32  Reaper  
  26  2:34  SCV  
  28  2:38  Supply Depot  
  28  2:46  Starport  
  28  2:52  Hellion  
  28  2:54  SCV  
  31  3:08  SCV  
  30  3:13  Factory Tech Lab  
  30  3:15  Barracks Reactor  
  30  3:20  SCV  
  30  3:22  Starport Tech Lab  
  30  3:24  Refinery  
  31  3:30  Orbital Command  
  31  3:32  SCV  
  31  3:34  Cyclone  
  35  3:41  Banshee  
  35  3:45  SCV  
  39  3:51  Marine x2  
  39  3:55  Supply Depot  
  41  3:57  SCV  
  41  3:58  SCV  
  43  4:06  Cyclone  
  43  4:09  SCV  
  47  4:11  SCV  
  47  4:12  Marine  
  47  4:13  Marine  
  50  4:21  SCV  
  50  4:23  SCV  
  50  4:28  Raven  
  52  4:33  SCV  
  52  4:34  Marine x2  
  52  4:35  SCV  
  55  4:45  SCV, Siege Tank  
  55  4:48  SCV  
  55  4:50  Supply Depot  
  59  4:57  SCV  
  60  5:01  SCV, Command Center  
  61  5:07  Marine  
  61  5:11  Raven, Marine  
  61  5:12  SCV  
  61  5:14  Supply Depot  
  66  5:18  SCV  
  67  5:25  Siege Tank  
  70  5:30  Supply Depot  
  70  5:35  SCV, Marine x2  
  70  5:36  SCV  
  70  5:42  Refinery  
  74  5:46  Barracks  
  74  5:47  SCV, Barracks  
  74  5:48  SCV  
  75  6:00  SCV x2  
  75  6:01  Supply Depot  
  75  6:04  Siege Tank  
  80  6:10  Marine, Viking x2  
  85  6:14  SCV  
  86  6:20  SCV  
  86  6:22  Engineering Bay  
  86  6:25  Engineering Bay  
  87  6:26  SCV  
  87  6:30  Marine  
  90  6:32  SCV  
  90  6:36  Barracks Reactor x2  
  90  6:37  Siege Tank  
  90  6:39  SCV  
  94  6:40  Supply Depot  
  94  6:43  Orbital Command  
  94  6:45  SCV  
  95  6:48  Marine  
  95  6:51  SCV  
  96  6:55  Viking  
  96  6:56  Viking  
  96  7:00  SCV  
  100  7:03  SCV  
  100  7:06  Marine  
  96  7:08  SCV  
  96  7:12  SCV  
  96  7:14  Marine x2  
  96  7:15  SCV  
  96  7:16  Marine  
  96  7:23  Siege Tank  
  96  7:24  SCV  
  100  7:30  Viking x2  
  100  7:33  Marine  
  100  7:36  Marine  
  101  7:37  SCV  
  101  7:38  SCV x2  
  101  7:43  Supply Depot, Barracks Tech Lab  
  103  7:45  Marine  
  103  7:49  Supply Depot  
  103  7:50  SCV  
  105  7:53  Marine x2  
  107  7:58  Supply Depot  
  107  8:03  Marine  
  107  8:05  Siege Tank  
  111  8:06  Viking  
  111  8:11  Viking  
  115  8:13  Marine  
  115  8:17  Marine x3  
  119  8:23  Marine  
  119  8:24  Supply Depot  
  120  8:30  Marine  
  119  8:34  Marine  
  119  8:40  SCV, Siege Tank  
  104  8:43  Marine  
  104  8:47  Viking  
  94  8:49  SCV  
  94  8:52  Marine  
  94  8:55  Marine x2  
  90  8:56  SCV  
  90  9:00  SCV  
  94  9:03  SCV  
  88  9:17  Marine x3  
  88  9:23  Marine  
  88  9:26  Marine  
  88  9:28  SCV  
  90  9:35  SCV x2  
Show
View Real Time Build Order
Export as new Build Order

TYTY Terran 

Build Orders:  

Get SALT Encoding   

  12  0:00  SCV  
  13  0:12  SCV  
  14  0:18  Supply Depot  
  14  0:24  SCV  
  15  0:28  Refinery  
  15  0:39  SCV  
  16  0:46  Barracks  
  16  0:51  SCV  
  17  0:57  Refinery  
  17  1:03  SCV  
  18  1:16  SCV  
  20  1:35  Factory, Orbital Command  
  20  1:37  Reaper  
  20  1:46  Supply Depot  
  21  2:01  SCV  
  21  2:09  Reaper  
  21  2:13  SCV  
  23  2:19  Hellion  
  25  2:29  Command Center  
  25  2:37  Starport  
  25  2:38  SCV  
  25  2:42  Barracks Reactor  
  26  2:45  Widow Mine  
  28  2:51  Supply Depot  
  28  2:54  SCV  
  28  3:06  SCV  
  29  3:13  Medivac  
  29  3:18  SCV, Marine x2  
  34  3:22  Factory Tech Lab  
  34  3:30  SCV  
  35  3:36  Marine x2  
  35  3:41  Orbital Command  
  37  3:47  Siege Tank  
  40  3:51  SCV  
  40  3:54  Marine  
  40  3:55  Marine  
  42  3:58  Starport Tech Lab  
  43  4:03  SCV  
  43  4:07  SCV  
  45  4:12  Marine  
  45  4:13  Marine  
  45  4:15  SCV  
  48  4:27  SCV  
  48  4:30  Marine  
  48  4:31  SCV, Marine  
  52  4:36  Raven, Barracks  
  53  4:39  SCV  
  53  4:43  SCV  
  53  4:52  SCV, Supply Depot  
  54  4:53  Supply Depot  
  54  5:00  Refinery  
  54  5:02  Stimpack  
  54  5:03  Factory Reactor  
  54  5:07  Supply Depot  
  54  5:13  Marine  
  54  5:14  SCV x2  
  55  5:26  SCV x2  
  55  5:27  Command Center  
  56  5:31  Marine  
  56  5:32  Engineering Bay  
  55  5:37  Marine x2  
  55  5:38  SCV x2  
  59  5:43  Medivac, Viking  
  59  5:48  Siege Tank  
  66  5:50  SCV  
  66  5:52  SCV, Marine  
  66  5:55  Marine  
  70  5:59  Terran Infantry Weapons Level 1  
  70  6:02  SCV, Supply Depot  
  70  6:04  Marine  
  72  6:08  SCV  
  72  6:10  Marine  
  74  6:12  Marine  
  75  6:19  Viking  
  75  6:21  Marine  
  75  6:24  Viking  
  75  6:25  SCV x2  
  82  6:29  Refinery  
  82  6:30  Marine x2  
  83  6:34  Siege Tank  
  86  6:41  SCV  
  86  6:42  Supply Depot x2  
  86  6:47  Orbital Command  
  86  6:48  SCV  
  86  6:53  SCV  
  88  7:00  SCV  
  89  7:03  Medivac x2  
  89  7:05  Marine x2  
  89  7:06  SCV  
  89  7:07  Marine  
  89  7:08  Orbital Command  
  92  7:16  Combat Shield  
  92  7:18  Siege Tank  
  92  7:21  SCV x2  
  96  7:22  Marine x2  
  96  7:25  Marine  
  96  7:33  SCV x2  
  96  7:35  Medivac  
  96  7:36  SCV  
  101  7:40  Marine x2  
  101  7:42  Marine  
  104  7:44  Barracks  
  104  7:47  Barracks  
  104  7:50  SCV  
  104  7:51  Barracks  
  103  7:55  Siege Tank  
  103  7:56  SCV x2  
  103  7:58  Marine  
  107  8:02  Marine x2  
  101  8:12  Viking x2  
  102  8:16  Marine  
  102  8:18  Missile Turret  
  102  8:19  Marine  
  102  8:21  Marine  
  102  8:24  Missile Turret  
  102  8:34  Marine  
  102  8:40  Siege Tank  
  89  8:42  Viking  
  89  8:43  Marine x3, Viking  
  89  8:46  Marine  
  87  8:52  Marine  
  87  9:01  Marine x3  
  87  9:04  Marine  
  75  9:10  Marine  
  76  9:17  Marine  
  76  9:19  Marine x3  
  76  9:22  Marine  
  74  9:28  Marine  

Tags
 
Add a new tag
Caveats
  • Supply blocks, unpowered buildings, or Contaminate may cause inaccurate times.
  • Supply counts are checked every 10 seconds.